Map: Incorporeal LE

Players

ChromaticFox - Winner!

  • Race: Terran Terran
  • League: Diamond
  • Spawn Location: 11:00

kitune

  • Race: Zerg Zerg
  • Spawn Location: 5:00

VOD

Have the link to the VOD?

Description

Time

  • Played on: May 25, 2025, 7:23 a.m.
  • Length: 11:46
Show
View Real Time Build Order
Export as new Build Order

ChromaticFox Terran - Winner!

Build Orders: Reaper Expand 

Get SALT Encoding   

  12  0:00  SCV  
  13  0:12  SCV  
  14  0:17  Supply Depot  
  14  0:24  SCV  
  15  0:39  SCV  
  15  0:40  Barracks  
  16  0:46  Refinery  
  16  0:51  SCV  
  17  1:03  SCV  
  18  1:15  SCV  
  19  1:29  Orbital Command  
  19  1:30  Reaper  
  20  1:39  Command Center  
  20  1:48  Barracks  
  20  1:55  SCV  
  21  2:01  Supply Depot  
  21  2:03  Barracks Reactor  
  21  2:09  SCV  
  22  2:21  SCV  
  23  2:27  Refinery, Factory  
  23  2:33  SCV  
  23  2:42  Barracks Tech Lab, Marine x2  
  25  2:45  SCV  
  25  3:01  Marine x2  
  25  3:02  Marine  
  28  3:10  SCV  
  29  3:12  Starport  
  29  3:15  Orbital Command  
  29  3:22  SCV  
  29  3:27  Marine x2  
  30  3:31  Factory Reactor  
  30  3:33  Marine  
  34  3:41  SCV x2  
  34  3:44  Marine  
  34  3:47  Stimpack  
  34  3:48  Marine  
  37  3:51  Marine  
  37  3:53  SCV  
  39  4:00  SCV, Supply Depot  
  39  4:02  Marine  
  40  4:05  SCV  
  40  4:06  Marine  
  40  4:09  Supply Depot  
  43  4:15  SCV  
  44  4:17  SCV  
  44  4:19  Marine  
  44  4:21  Medivac x2, Marine  
  44  4:23  Supply Depot  
  51  4:26  Marine  
  51  4:27  SCV  
  53  4:35  SCV, Supply Depot  
  53  4:37  Marine  
  55  4:39  SCV  
  55  4:40  Supply Depot  
  56  4:47  Engineering Bay  
  56  4:48  Engineering Bay  
  56  4:49  SCV  
  57  4:55  Marine  
  57  4:56  Marine x2  
  60  5:03  SCV x2  
  62  5:22  Terran Infantry Armor Level 1, Terran Infantry Weapons Level 1  
  62  5:24  Refinery, Command Center  
  62  5:27  Factory Tech Lab  
  62  5:28  SCV x2  
  62  5:30  Combat Shield  
  64  5:35  Refinery  
  64  5:36  Marine  
  64  5:38  Marine  
  64  5:40  SCV  
  64  5:41  SCV  
  68  5:44  Marine  
  68  5:47  Barracks  
  69  5:53  SCV x2  
  69  5:54  Siege Tank  
  69  5:56  Medivac  
  76  6:03  Supply Depot x2  
  76  6:05  SCV  
  76  6:08  SCV  
  78  6:13  Supply Depot  
  78  6:15  Marine x2  
  78  6:17  SCV, Marine  
  82  6:21  SCV  
  83  6:27  Missile Turret  
  83  6:29  Missile Turret, SCV  
  74  6:33  Missile Turret, SCV, Marine  
  74  6:36  Widow Mine  
  78  6:41  SCV, Marine x4  
  78  6:51  SCV  
  78  6:52  Orbital Command  
  78  6:53  SCV  
  77  6:58  Medivac  
  77  7:01  Missile Turret  
  77  7:07  Widow Mine  
  79  7:10  SCV x2  
  79  7:11  Armory  
  79  7:13  Missile Turret  
  79  7:14  Marine x2  
  83  7:17  Marine x3  
  86  7:27  SCV x2, Orbital Command  
  88  7:32  Marine  
  88  7:37  Missile Turret  
  89  7:39  Starport Reactor  
  89  7:43  Siege Tank  
  92  7:45  Barracks  
  92  7:48  Barracks  
  92  7:50  SCV  
  92  7:51  SCV  
  94  7:59  SCV  
  94  8:00  Terran Infantry Weapons Level 2, Terran Infantry Armor Level 2  
  94  8:03  SCV  
  96  8:07  Missile Turret  
  96  8:08  SCV  
  96  8:11  SCV  
  98  8:15  Siege Tank  
  101  8:24  Barracks  
  101  8:25  Medivac x2  
  101  8:26  Barracks  
  101  8:27  Marine x5  
  110  8:39  Barracks Reactor x2  
  110  8:45  Barracks  
  110  8:47  Siege Tank  
  113  8:48  Barracks  
  113  8:50  Terran Vehicle Weapons Level 1  
  113  8:51  Supply Depot x2  
  113  8:53  Supply Depot  
  113  8:54  Barracks Tech Lab  
  113  8:59  SCV  
  113  9:00  SCV  
  110  9:17  SCV x2  
  110  9:18  SCV  
  110  9:22  Marine x7  
  110  9:23  Marine  
  121  9:24  Command Center  
  121  9:25  Concussive Shells  
  121  9:27  Barracks Tech Lab  
  121  9:28  Barracks Tech Lab  
  121  9:31  Ghost Academy  
  121  9:36  Refinery  
  121  9:38  Missile Turret  
  121  9:39  Refinery  
  121  9:45  Command Center  
  121  9:51  Medivac x2  
  125  9:55  Siege Tank, Sensor Tower  
  125  9:57  Supply Depot  
  125  9:59  Supply Depot x2  
  128  10:05  Missile Turret  
  128  10:06  Marine x8  
  128  10:07  Marauder x4  
  142  10:12  SCV x3  
  147  10:24  Marine  
  147  10:26  Medivac x2  
  147  10:27  Marine x6  
  147  10:28  Marauder x3  
  164  10:29  Barracks Tech Lab  
  164  10:46  Marine x6  
  164  10:47  Barracks Tech Lab, Marauder x2  
  164  10:49  Marauder  
  178  10:50  Marauder  
  178  10:58  Siege Tank, Marine  
  182  11:04  Marine x2  
  182  11:08  Marauder x2  
  188  11:12  Marauder x2, Marine x4  
Show
View Real Time Build Order
Export as new Build Order

kitune Zerg 

Build Orders: Pool First 

Get SALT Encoding   

  12  0:01  Drone  
  13  0:12  Overlord  
  13  0:21  Drone  
  14  0:32  Drone  
  14  0:33  Drone  
  16  0:41  Spawning Pool  
  15  0:46  Drone  
  16  0:50  Drone  
  17  1:11  Hatchery  
  17  1:13  Drone  
  17  1:16  Extractor  
  16  1:28  Zergling x2  
  16  1:29  Zergling x4  
  19  1:37  Queen  
  21  1:45  Drone  
  22  1:51  Overlord  
  22  2:12  Queen, Drone  
  22  2:13  Drone  
  26  2:24  Drone x2  
  26  2:28  Metabolic Boost  
  28  2:38  Queen  
  28  2:42  Drone  
  28  2:43  Drone  
  32  2:49  Overlord  
  32  3:10  Zergling x2  
  32  3:11  Zergling x4  
  32  3:16  Drone  
  32  3:17  Drone x2  
  32  3:19  Lair  
  35  3:21  Extractor  
  34  3:33  Drone  
  35  3:35  Drone  
  35  3:36  Drone x4  
  40  3:53  Drone x2  
  40  3:54  Drone  
  43  3:55  Overlord  
  43  3:59  Overlord x2  
  43  4:01  Drone  
  44  4:16  Spire  
  43  4:19  Drone  
  43  4:20  Drone x5  
  43  4:23  Extractor  
  48  4:25  Extractor  
  48  4:30  Overseer  
  47  4:50  Drone x2  
  47  4:51  Drone  
  47  4:52  Drone x2  
  52  4:57  Baneling Nest  
  52  4:59  Drone x2  
  53  5:06  Overlord  
  53  5:19  Overlord  
  53  5:20  Overlord  
  53  5:33  Mutalisk  
  53  5:34  Mutalisk x4  
  63  5:42  Centrifugal Hooks  
  63  5:43  Hatchery  
  63  5:47  Zergling x10  
  67  5:59  Mutalisk x2  
  71  6:05  Baneling x2  
  71  6:06  Baneling  
  71  6:23  Zergling x18  
  65  6:36  Zergling x6  
  65  6:37  Zergling x2  
  60  6:54  Queen  
  59  6:55  Drone  
  59  6:56  Drone x2  
  59  6:57  Drone x3  
  59  6:58  Drone  
  68  7:09  Mutalisk  
  68  7:10  Mutalisk x2  
  70  7:21  Baneling  
  70  7:22  Baneling x5  
  70  7:23  Zergling x6  
  73  7:32  Overlord  
  73  7:33  Mutalisk, Overlord  
  75  7:52  Zergling x2  
  75  7:53  Zergling x10  
  78  8:21  Evolution Chamber  
  78  8:22  Infestation Pit  
  78  8:23  Zergling x10  
  78  8:24  Zergling x12  
  66  9:26  Drone x4  
  66  9:27  Drone x20  
  90  9:39  Extractor  
  89  9:46  Hatchery  
  89  9:51  Zergling x2  
  89  9:52  Zergling x12  
  86  9:58  Zergling x2  
  86  9:59  Zergling x10  
  92  10:07  Extractor  
  91  10:23  Zergling x16  
  91  10:26  Baneling x10  
  91  10:27  Baneling x4  
  99  10:40  Zergling x2  
  99  10:41  Zergling x12  
  106  10:46  Overseer  
  106  10:59  Overlord x5  
  106  11:18  Spore Crawler  
  105  11:19  Mutalisk  
  105  11:20  Mutalisk x11  
Tags
 
Add a new tag
Caveats
  • Supply blocks, unpowered buildings, or Contaminate may cause inaccurate times.
  • Supply counts are checked every 10 seconds.